 Dungeon Crawl Stone Soup version 0.29.1 (webtiles) character file.

Game seed: 14316873185370820391

510042 groovy9 the Impregnable (level 23, -23/197 (212) HPs)
             Began as a Minotaur Hunter on Sept 14, 2022.
             Was the Champion of Hepliaklqana.
             Annihilated by a spriggan berserker
             ... wielding a +0 hand axe
              (27 damage)
             ... on level 3 of the Depths on Sept 15, 2022.
             The game lasted 04:16:43 (58468 turns).

groovy9 the Impregnable (Minotaur Hunter)          Turns: 58468, Time: 04:16:43

HP:   -23/197 (212) AC: 35    Str: 20    XL:     23   Next: 91%
MP:   29/30         EV: 20    Int: 10    God:    Hepliaklqana [******]
Gold: 772           SH:  5    Dex: 29    Spells: 17/22 levels left

rFire   + + +      SeeInvis +   b - +9 longbow (freeze)
rCold   + . .      Faith    .   (shield currently unavailable)
rNeg    + . .      Spirit   .   y - +0 gold dragon scales of Gesieg {rPois rF+ rC+ Int+4 Stlth+}
rPois   +          Reflect  +   G - +2 hat
rElec   +          Harm     .   z - scarf {rC+ rF+}
rCorr   .          Rampage  .   E - +1 pair of gloves {Str+3}
Will    ++...                   o - +2 pair of boots
Stlth   ..........              a - amulet of reflection
HPRegen 0.42/turn               X - ring "Dalicw" {*Slow rPois rN+ Will+}
MPRegen 0.22/turn               A - ring "Solita" {Fire Contam rElec Dex+5 SInv}

@: studying 3 skills, drained, unable to drink
A: reduced essence, horns 2, retaliatory headbutt, inability to drink after
injury 1
}: 3/15 runes: decaying, serpentine, silver
a: Renounce Religion, Recall Ancestor, Ancestor Identity, Transference, Idealise


You were on level 3 of the Depths.
You worshipped Hepliaklqana.
Hepliaklqana was exalted by your worship.
You visited 10 branches of the dungeon, and saw 45 of its levels.
You also visited: Bailey, Ice Cave and Volcano.

You collected 6424 gold pieces.
You spent 5652 gold pieces at shops.

Inventory:

Hand Weapons
 b - a +9 longbow of freezing (weapon)
Armour
 o - a +2 pair of boots (worn)
 y - the +0 gold dragon scales of Gesieg (worn) {rPois rF+ rC+ Int+4 Stlth+}
   (You took it off an orc warrior on level 5 of the Vaults)

   Int:       It affects your intelligence (+4).
   rF:        It protects you from fire.
   rC:        It protects you from cold.
   rPois:     It protects you from poison.
   Stlth:     It makes you more stealthy.
 z - a scarf of resistance (worn)
 E - a +1 pair of gloves of strength (worn)
 G - a +2 hat (worn)
Jewellery
 a - an amulet of reflection (around neck)
 A - the ring "Solita" (right hand) {Fire Contam rElec Dex+5 SInv}
   (You bought it in a shop on level 2 of the Orcish Mines)

   [ring of fire]

   It enhances your fire magic.
   Dex:       It affects your dexterity (+5).
   rF:        It protects you from fire.
   rC:        It makes you vulnerable to cold.
   rElec:     It insulates you from electricity.
   SInv:      It lets you see invisible.
   Contam:    It causes magical contamination when unequipped.
 F - a ring of see invisible
 O - a ring of resist corrosion
 W - the ring "Dekhla Rah" {Fire rPois Will+ Int+4}
   (You found it on level 5 of the Lair of Beasts)

   [ring of fire]

   It enhances your fire magic.
   Int:       It affects your intelligence (+4).
   rF:        It protects you from fire.
   rC:        It makes you vulnerable to cold.
   rPois:     It protects you from poison.
   Will:      It increases your willpower.
 X - the ring "Dalicw" (left hand) {*Slow rPois rN+ Will+}
   (You bought it in a shop on level 2 of the Vaults)

   [ring of positive energy]

   rPois:     It protects you from poison.
   rN:        It protects you from negative energy.
   *Slow:     It may slow you when you take damage.
   Will:      It increases your willpower.
 Y - the ring of Traps {rElec rPois rC+ Str+3}
   (You bought it in a shop on level 1 of the Snake Pit)

   [ring of poison resistance]

   Str:       It affects your strength (+3).
   rC:        It protects you from cold.
   rElec:     It insulates you from electricity.
   rPois:     It protects you from poison.
Scrolls
 c - 2 scrolls of summoning
 j - 6 scrolls of poison
 k - 11 scrolls of enchant armour
 m - 4 scrolls of amnesia
 v - 7 scrolls of vulnerability
 w - 3 scrolls of enchant weapon
 x - 7 scrolls of teleportation
 H - 7 scrolls of fear
 L - 4 scrolls of silence
 N - 9 scrolls of magic mapping
 P - 10 scrolls of immolation
 T - a scroll of noise
Potions
 d - 24 potions of curing
 e - 9 potions of magic
 f - 13 potions of attraction
 g - 6 potions of cancellation
 n - 3 potions of lignification
 r - 12 potions of mutation
 s - 8 potions of brilliance
 t - 7 potions of ambrosia
 u - 5 potions of haste
 B - 9 potions of degeneration
 I - 7 potions of heal wounds
 K - 5 potions of might
 M - 3 potions of flight
 Q - a potion of berserk rage
 S - 3 potions of resistance
 V - 5 potions of invisibility
Miscellaneous
 h - a phial of floods
 i - a condenser vane
 l - a box of beasts
 p - a tin of tremorstones (2/2)
 q - a condenser vane
 C - a box of beasts
 D - a tin of tremorstones (2/2)
 R - a phantom mirror
 U - a tin of tremorstones (2/2)


   Skills:
 - Level 25.8 Fighting
 - Level 22.0 Ranged Weapons
 - Level 26.0 Armour
 - Level 23.5 Dodging
 - Level 0.7 Stealth
 * Level 5.3 Transmutations
 - Level 1.9 Air Magic
 - Level 10.8 Invocations


You had 17 spell levels left.
You knew the following spells:

 Your Spells              Type           Power      Damage    Failure   Level
a - Swiftness             Air            3%         N/A       99%         3
b - Wereblood             Tmut           10%        N/A       61%         2

Your spell library contained the following spells:

 Spells                   Type           Power      Damage    Failure   Level
 Passwall                 Tmut/Erth      4%         N/A       93%         2
 Apportation              Tloc           0%         N/A       99%         1
 Magic Dart               Conj           0%         1d3       99%         1
 Necrotise                Necr           0%         1d4       99%         1
 Sandblast                Erth           0%         2d4       99%         1
 Slow                     Hex            0%         N/A       99%         1
 Summon Small Mammal      Summ           0%         N/A       99%         1
 Static Discharge         Conj/Air       1%         3-4/arc   99%         2
 Spider Form              Tmut/Pois      5%         N/A       99%         3
 Blink                    Tloc           0%         N/A       100%        2
 Call Imp                 Summ           0%         N/A       100%        2
 Ensorcelled Hibernation  Hex/Ice        0%         N/A       100%        2
 Scorch                   Fire           0%         2d5       100%        2
 Sublimation of Blood     Necr           0%         N/A       100%        2
 Call Canine Familiar     Summ           0%         N/A       100%        3
 Confusing Touch          Hex            0%         N/A       100%        3
 Dazzling Flash           Conj/Hex       0%         N/A       100%        3
 Frozen Ramparts          Ice            0%         1d1       100%        3
 Gell's Gravitas          Tloc           0%         N/A       100%        3
 Ignite Poison            Fire/Tmut/Pois 5%         N/A       100%        3
 Inner Flame              Hex/Fire       0%         N/A       100%        3
 Lesser Beckoning         Tloc           0%         N/A       100%        3
 Mephitic Cloud           Conj/Pois/Air  1%         N/A       100%        3
 Portal Projectile        Hex/Tloc       0%         N/A       100%        3
 Stone Arrow              Conj/Erth      0%         3d7       100%        3
 Teleport Other           Tloc           0%         N/A       100%        3
 Tukima's Dance           Hex            0%         N/A       100%        3
 Vampiric Draining        Necr           0%         2d6       100%        3
 Anguish                  Hex/Necr       0%         N/A       100%        4
 Animate Armour           Summ/Erth      0%         N/A       100%        4
 Animate Dead             Necr           0%         N/A       100%        4
 Cause Fear               Hex            0%         N/A       100%        4
 Corpse Rot               Necr/Pois/Air  1%         N/A       100%        4
 Dispel Undead            Necr           0%         3d6       100%        4
 Flame Wave               Conj/Fire      0%         2d4       100%        4
 Fulminant Prism          Conj/Hex       0%         3d6       100%        4
 Hailstorm                Conj/Ice       0%         3d3       100%        4
 Iskenderun's Mystic Bla  Conj/Tloc      0%         2d3       100%        4
 Leda's Liquefaction      Hex/Erth       0%         N/A       100%        4
 Passage of Golubria      Tloc           0%         N/A       100%        4
 Sticky Flame             Conj/Fire      0%         2d3       100%        4
 Summon Ice Beast         Ice/Summ       0%         N/A       100%        4
 Agony                    Necr           0%         N/A       100%        5
 Blade Hands              Tmut           5%         N/A       100%        5
 Borgnjor's Vile Clutch   Necr/Erth      0%         N/A       100%        5
 Freezing Cloud           Conj/Ice/Air   0%         6-21      100%        5
 Lee's Rapid Deconstruct  Erth           0%         3d5*      100%        5
 Manifold Assault         Tloc           0%         N/A       100%        5
 Silence                  Hex/Air        0%         N/A       100%        5
 Summon Forest            Summ/Tloc      0%         N/A       100%        5
 Summon Mana Viper        Hex/Summ       0%         N/A       100%        5
 Conjure Ball Lightning   Conj/Air       0%         3x3d6     100%        6
 Death Channel            Necr           0%         N/A       100%        6
 Dispersal                Tloc           0%         N/A       100%        6
 Iron Shot                Conj/Erth      0%         9d1       100%        6
 Starburst                Conj/Fire      0%         6d3       100%        6
 Statue Form              Tmut/Erth      3%         N/A       100%        6
 Summon Cactus Giant      Summ           0%         N/A       100%        6
 Enfeeble                 Hex            0%         N/A       100%        7
 Malign Gateway           Summ/Tloc      0%         N/A       100%        7
 Monstrous Menagerie      Summ           0%         N/A       100%        7
 Summon Hydra             Summ           0%         N/A       100%        7
 Discord                  Hex            0%         N/A       100%        8
 Disjunction              Tloc           0%         N/A       100%        8
 Infestation              Necr           0%         N/A       100%        8
 Chain Lightning          Conj/Air       0%         2d1       100%        9


Dungeon Overview and Level Annotations

Branches:
Dungeon (15/15)            Temple (1/1) D:7            Lair (5/5) D:10
  Swamp (4/4) Lair:2        Snake (4/4) Lair:3        Slime (0/5) Lair:5
    Orc (2/2) D:9             Elf (3/3) Orc:2        Vaults (5/5) D:13
  Crypt (2/3) Vaults:3     Depths (4/4) D:15         Bailey (visited)
  IceCv (visited)         Volcano (visited)
    Zot: Depths:4

Altars:
Ashenzari
Cheibriados
Dithmenos
Elyvilon
Fedhas
Gozag
Hepliaklqana
Kikubaaqudgha
Makhleb
Nemelex Xobeh
Okawaru
Qazlal
Ru
Sif Muna
Trog
Uskayaw
Vehumet
Wu Jian
Xom
Yredelemnul
Zin
The Shining One
Jiyva
Lugonu

Shops:
D:3 !   D:6 !   D:7 [   D:10 :   Orc:2 =**[   Elf:1 *   Elf:2 (:((   Elf:3 [
Snake:1 =:   Snake:4 (   Vaults:2 =   Vaults:4 (   Depths:3 ?

Portals:
Hell: Depths:1 Depths:3
Abyss: D:15 Depths:1 Depths:3
Ziggurat: Depths:3

Annotations:
Elf:2 1 runed translucent door
Crypt:1 Khufu


Innate Abilities, Weirdness & Mutations

Your life essence is reduced to manifest your ancestor. (-10% HP)
You have a pair of horns on your head.
You reflexively headbutt those who attack you in melee.
You occasionally lose the ability to drink potions when taking damage.


Message History

Si-Tayit burns the white draconian.
Si-Tayit hits the storm dragon with a +0 broad axe of flaming!
Si-Tayit burns the storm dragon.
The spriggan berserker misses you. You furiously retaliate!
You headbutt the spriggan berserker!
The spriggan berserker hits Si-Tayit but does no damage.
The storm dragon attacks as you move away!
The storm dragon barely misses you. The storm dragon closely misses you.
The storm dragon tramples you but does no damage.
Si-Tayit hits the spriggan berserker with a +0 broad axe of flaming!
Si-Tayit burns the spriggan berserker.
Si-Tayit hits the white draconian with a +0 broad axe of flaming!
Si-Tayit burns the white draconian.
The spriggan berserker hits you with a +0 hand axe!!
* * * LOW HITPOINT WARNING * * *
The spriggan berserker hits Si-Tayit but does no damage.
You feel much better. The storm dragon barely misses you.
You furiously retaliate!
You headbutt the storm dragon!
The storm dragon claws you but does no damage.
The storm dragon barely misses you.
The shadow dragon bites you but does no damage.
The shadow dragon claws you but does no damage. x2
The spriggan berserker hits you with a +0 hand axe!!
You feel threatened and lose the ability to drink potions!
* * * LOW HITPOINT WARNING * * *
The spriggan berserker hits Si-Tayit with a +0 hand axe!
The white draconian breathes frost at you.
The blast of cold hits the shadow dragon!
The shadow dragon resists.
The blast of cold misses you.
Si-Tayit hits the spriggan berserker with a +0 broad axe of flaming!
Si-Tayit burns the spriggan berserker.
Si-Tayit hits the white draconian with a +0 broad axe of flaming!
Si-Tayit burns the white draconian.
The storm dragon breathes lightning at you.
The bolt of lightning hits you. You resist.
* * * LOW HITPOINT WARNING * * *
You cannot drink potions in your current state!
As you read the scroll of butterflies, it crumbles to dust.
You hear the tinkle of a tiny bell.
The spriggan berserker hits you with a +0 hand axe!!
You die...

####################
#...............†..#
#...........bbbbR..#
#...........bbDid..#
#........)..bb@D...#
#...........b.bbb..#
###..........>bbbbb..#
..'............#'#####
.##............'...#
###...########.#.#.# #
#...#.....♣#.#...# #
#.....≈§≈§.#.##### #
#....≈≈§≈≈.#.#


You could see the friendly Si-Tayit the knight (reflecting), a shadow dragon
(distracted, ally target), a storm dragon (catching breath, ally target), a
white draconian (catching breath, ally target) and a spriggan berserker
(berserk, regenerating, strong-willed, ally target).

Vanquished Creatures
  A dread lich (Vaults:5)
  An ancient lich (Vaults:5)
  A royal mummy (Crypt:1)
  Bai Suzhen (Swamp:3)
  Vashnia (Snake:2)
  A golden dragon (Vaults:5)
  A shard shrike zombie (Crypt:2)
  Mlioglotl (Swamp:2)
  A quicksilver dragon (Vaults:5)
  2 liches
  The ghost of greasedhog the Corrupter of Planes, an adept GrAK of Lugonu (Vaults:1)
  2 deep elf blademasters (Elf:3)
  A deep elf master archer (Elf:3)
  4 sphinxes
  Kirke (Lair:4)
  6 shadow dragons
  3 tengu reavers
  3 nagarajas
  4 deep elf sorcerers
  Roxanne (Swamp:3)
  5 fire giants
  Aizul (Elf:2)
  An iron dragon (Vaults:5)
  A deep elf elementalist (Elf:3)
  2 orc warlords
  16 vault wardens
  6 ironbound preservers
  The ghost of wingedge the Fighter, a journeyman DsAr of Okawaru (Orc:2)
  10 very ugly things
  A ghoul (Vaults:3)
  5 deep elf demonologists
  6 stone giants
  5 ironbound thunderhulks
  2 vampire knights
  3 war gargoyles
  A bunyip (Swamp:3)
  2 eleionomae
  Nessos (Lair:4)
  2 deep elf annihilators
  5 dire elephants
  Azrael (D:13)
  Snorg (Orc:1)
  2 spark wasps (Depths:3)
  2 crystal guardians
  An eidolon (Vaults:3)
  7 ettins
  3 deep elf death magi
  12 yaktaur captains
  6 deep elf high priests
  A fire dragon (D:14)
  2 shambling mangroves
  7 great orbs of eyes
  A rakshasa (Depths:3)
  25 vault guards
  17 hydras
  2 jiangshi (Crypt:1)
  A fenstrider witch zombie (Crypt:1)
  5 boulder beetles
  An ice dragon (Depths:3)
  4 salamander tyrants
  A spriggan air mage (Depths:4)
  Erolcha (D:9)
  A catoblepas (Lair:2)
  4 ogre magi
  4 peacekeepers
  11 naga warriors
  13 two-headed ogres
  2 alligators
  11 centaur warriors
  5 ironbound frosthearts
  24 dancing weapons
  2 ghost crabs
  3 anacondas
  2 vampire magi
  A deep troll earth mage (Depths:2)
  A death yak (shapeshifter) (Vaults:5)
  15 naga sharpshooters
  6 tengu warriors
  6 spriggan berserkers
  8 large abominations (Depths:1)
  6 death yaks (Lair:5)
  5 orc high priests (Orc:2)
  11 shock serpents
  8 spriggans
  Sonja (Lair:5)
  11 deep elf knights
  8 hell knights
  Amaemon (D:8)
  4 skeletal warriors
  A sea snake (shapeshifter) (Vaults:5)
  24 deep trolls
  A spriggan druid (Swamp:4)
  2 glowing orange brains
  An entropy weaver zombie (Crypt:2)
  2 bog bodies
  A shadow wraith (Vaults:5)
  4 salamander mystics
  3 swamp dragons
  A death drake (Swamp:3)
  5 sea snakes (Snake:3)
  A death drake (shapeshifter) (Elf:3)
  9 wizards
  A flayed ghost (Depths:1)
  8 deep elf archers
  17 lindwurms
  4 naga ritualists
  2 necromancers (D:15)
  2 phantasmal warriors
  3 harpies (Vaults:1)
  11 ironbound convokers
  28 deep elf pyromancers
  3 orc sorcerers
  A wolf spider (Lair:5)
  17 salamanders
  4 mana vipers
  A will-o-the-wisp (Swamp:3)
  10 orc knights
  23 deep elf zephyrmancers
  A moth of wrath (shapeshifter) (Vaults:5)
  6 oklob plants
  7 cyclopes
  13 ugly things
  3 tengu skeletons
  A human zombie (Vaults:2)
  A moth of wrath (Swamp:3)
  A cyclops (shapeshifter) (Depths:3)
  10 elephants
  11 vault sentinels
  5 guardian serpents
  A smoke demon (Volcano)
  A torpor snail (Lair:5)
  A torpor snail (shapeshifter) (Vaults:5)
  A rust devil (D:12)
  Maurice (D:9)
  2 ice statues (IceCv)
  37 black mambas
  27 naga magi
  13 cane toads
  A molten gargoyle (Volcano)
  2 orange demons
  5 gargoyles
  6 rime drakes
  7 unseen horrors
  A yellow draconian zombie (Crypt:1)
  18 yaktaurs
  2 ice devils (D:12)
  2 kobold demonologists (D:13)
  14 komodo dragons
  3 freezing wraiths
  A hellwing (D:12)
  3 red devils
  4 trolls
  2 bloated husks
  A tyrant leech (Swamp:2)
  6 hornets
  9 polar bears
  27 blink frogs
  A tarantella (shapeshifter) (Vaults:5)
  19 slime creatures
  3 raiju (Lair:5)
  A raiju (shapeshifter) (Elf:3)
  6 dream sheep (Lair:5)
  A frost giant simulacrum (Depths:1)
  A fire giant simulacrum (Depths:1)
  3 wraiths
  2 air elementals
  A jumping spider (shapeshifter) (Vaults:5)
  11 wyverns
  A vampire (D:13)
  7 water elementals
  2 fire bats (Volcano)
  3 shadows
  56 yaks
  3 hogs (Lair:4)
  A yak (shapeshifter) (Vaults:5)
  4 basilisks
  7 fire elementals
  A hog (shapeshifter) (Vaults:4)
  7 vampire mosquitoes
  2 death yak simulacra (IceCv)
  A yaktaur simulacrum (Vaults:1)
  5 redbacks (Lair:5)
  3 steam dragons
  16 swamp worms
  Edmund (D:6)
  A harpy simulacrum (IceCv)
  48 nagas
  An acid dragon (D:9)
  16 hell hounds
  10 wargs
  30 water moccasins
  A hydra simulacrum (IceCv)
  A floating eye (shapeshifter) (Vaults:5)
  3 sky beasts
  7 swamp drakes
  21 orc warriors
  2 ice beasts (D:7)
  10 black bears
  An ice beast (shapeshifter) (D:14)
  5 boggarts (D:14)
  23 wolves
  21 ogres
  23 centaurs
  3 phantoms
  9 bullfrogs
  3 small abominations (Depths:1)
  5 kobold brigands
  A cane toad simulacrum (IceCv)
  2 earth elementals
  3 necrophages
  A hornet simulacrum (D:14)
  A water moccasin skeleton (Crypt:1)
  4 wights (D:6)
  An elephant simulacrum (IceCv)
  15 killer bees
  4 electric eels
  A crimson imp (D:4)
  4 lava snakes (Volcano)
  A jelly (shapeshifter) (Vaults:5)
  2 quasits (D:12)
  A gnoll bouda (D:8)
  5 hounds
  4 jellies
  32 orc priests
  A centaur skeleton (Crypt:2)
  Jessica (D:3)
  6 iguanas
  17 orc wizards
  A basilisk skeleton (Crypt:2)
  18 gnolls
  5 adders
  A shadow imp (D:5)
  An ufetubus (D:6)
  2 dart slugs
  87 orcs
  5 ball pythons
  11 endoplasms
  4 giant cockroaches
  23 goblins
  20 hobgoblins
  2 jackals (D:1)
  31 kobolds
  5 quokkas
  7 bats
  3 frilled lizards
  5 rats
  A lurking horror (D:15)
1589 creatures vanquished.

Vanquished Creatures (collateral kills)
  A dread lich (Vaults:5)
  A royal mummy (Crypt:2)
  Sojobo (Vaults:2)
  Jory (Crypt:1)
  Jorgrun (Swamp:2)
  2 liches
  2 titans (Vaults:5)
  A quicksilver dragon (Vaults:5)
  An ancient champion (Crypt:2)
  A tengu reaver (Vaults:2)
  4 shadow dragons
  2 storm dragons (Vaults:5)
  A thorn hunter (Swamp:3)
  3 frost giants
  An orc warlord (Vaults:1)
  4 fire giants
  A nagaraja (Snake:4)
  6 vault wardens
  The ghost of dornbeast the Marksdemonspawn, a journeyman DsWn of Uskayaw (Swamp:3)
  5 deep elf elementalists (Elf:3)
  3 ghouls (Vaults:3)
  A war gargoyle (Vaults:4)
  7 ironbound preservers
  3 ironbound thunderhulks
  4 very ugly things
  2 vampire knights
  2 deep elf demonologists
  3 stone giants
  2 eleionomae (Swamp:2)
  A deep elf annihilator (Elf:3)
  An entropy weaver (Vaults:4)
  2 bunyips
  A spark wasp (shapeshifter) (Vaults:5)
  A purple draconian (Depths:4)
  2 ettins
  A merfolk javelineer (Depths:1)
  4 fire dragons
  3 jiangshi
  A shambling mangrove (Swamp:4)
  2 crystal guardians
  5 great orbs of eyes
  A salamander tyrant (Snake:4)
  2 deep elf high priests (Elf:3)
  A yaktaur captain (Vaults:1)
  A peacekeeper (Vaults:1)
  A hydra (shapeshifter) (Vaults:5)
  3 ice dragons (Depths:1)
  A catoblepas (Lair:1)
  12 vault guards
  9 hydras
  2 ironbound frosthearts
  An ogre mage (Vaults:5)
  A centaur warrior (Vaults:1)
  2 two-headed ogres
  2 tengu warriors (Depths:3)
  7 dancing weapons
  2 naga warriors (Snake:2)
  7 alligators
  2 vampire magi
  2 death yaks (Lair:5)
  6 naga sharpshooters
  2 orc high priests (Orc:2)
  A spriggan berserker (Swamp:3)
  2 shock serpents
  A hell knight (Depths:1)
  An iron troll (Depths:1)
  3 deep elf knights
  2 salamander mystics
  6 skeletal warriors
  A shadow wraith (Vaults:3)
  2 sea snakes (Snake:3)
  A death drake (Swamp:3)
  13 deep trolls
  2 goliath frogs
  2 spriggan druids (Swamp:4)
  A flayed ghost (Depths:1)
  2 glowing orange brains
  10 ironbound convokers
  2 bog bodies
  A naga ritualist (Snake:3)
  2 deep elf archers (Elf:3)
  8 swamp dragons
  3 necromancers
  4 lindwurms
  4 phantasmal warriors
  A harpy (Vaults:4)
  5 deep elf zephyrmancers
  2 wizards
  A stone giant zombie (Depths:1)
  12 deep elf pyromancers
  3 orc knights
  An orc sorcerer (D:10)
  5 mana vipers
  A tengu skeleton (Vaults:2)
  12 ugly things
  2 salamanders
  An elephant (Lair:5)
  7 vault sentinels
  3 guardian serpents
  8 black mambas
  A naga mage (Snake:4)
  A torpor snail (Lair:4)
  An ice statue (IceCv)
  3 cane toads
  A gargoyle (D:12)
  A molten gargoyle (Volcano)
  3 freezing wraiths
  6 yaktaurs
  Maggie (Lair:2)
  An alligator snapping turtle skeleton (Crypt:2)
  An iron troll zombie (Crypt:1)
  An unseen horror skeleton (Crypt:1)
  3 polar bears (Lair:5)
  A troll (Vaults:4)
  A tyrant leech (Swamp:3)
  4 hornets
  A dream sheep (Lair:5)
  10 blink frogs
  A fire giant simulacrum (Vaults:2)
  15 slime creatures
  A water elemental (Depths:1)
  2 wyverns (Lair:5)
  A centaur simulacrum (D:14)
  A fire elemental (Elf:2)
  A hog (shapeshifter) (D:14)
  5 spriggans
  A hog (Lair:4)
  3 wraiths
  11 yaks
  A neqoxec (D:12)
  2 vampire mosquitoes (Swamp:3)
  A warg (Lair:5)
  6 nagas
  3 swamp worms
  2 water moccasins
  4 hell hounds
  3 swamp drakes
  2 black bears (Lair:5)
  An ogre (Orc:1)
  A centaur (D:14)
  2 wolves
  A bullfrog (Lair:3)
  An earth elemental (Elf:1)
  A killer bee (D:11)
  An elephant simulacrum (IceCv)
  A lava snake (Volcano)
  A quasit (D:12)
  An orc priest (Orc:2)
  A basilisk skeleton (Crypt:1)
  3 orc wizards
  A polar bear simulacrum (IceCv)
  A mummy (Crypt:2)
  4 orcs (Orc:2)
  4 kobolds (D:10)
  A lurking horror (D:15)
429 creatures vanquished.

Vanquished Creatures (others)
  Nikola (Snake:3)
  A deep elf master archer (Elf:3)
  A shadow dragon (Vaults:5)
  A vault guard (Vaults:5)
  A naga warrior (Snake:2)
  A deep elf knight (Elf:1)
  2 deep elf pyromancers (Elf:1)
  A necromancer (Vaults:2)
  A deep elf zephyrmancer (Elf:1)
  6 yaktaurs
  A bloated husk (Swamp:3)
  33 knights
  11 ancestors
  An orc wizard (D:4)
  An orc (D:4)
  4 demonic plants (D:12)
  4 foxfires (Swamp:3)
  20 fungi
  52 plants
143 creatures vanquished.

Grand Total: 2161 creatures vanquished

Notes
Turn   | Place    | Note
-------+----------+-------------------------------------------
     0 | D:1      | groovy9 the Minotaur Hunter began the quest for the Orb.
     0 | D:1      | Reached XP level 1. HP: 18/18 MP: 0/0
   155 | D:1      | Reached XP level 2. HP: 25/25 MP: 1/1
   662 | D:1      | Found a faded altar of an unknown god.
   693 | D:1      | Reached skill level 5 in Ranged Weapons
   794 | D:1      | Reached XP level 3. HP: 31/31 MP: 2/2
  1659 | D:2      | Reached XP level 4. HP: 38/38 MP: 3/3
  1884 | D:3      | Found Ytellul's Distillery.
  1890 | D:3      | Bought a potion of might for 52 gold pieces
  2016 | D:3      | Reached XP level 5. HP: 40/46 MP: 4/4
  2153 | D:3      | Found a snail-covered altar of Cheibriados.
  2157 | D:3      | Found a white marble altar of Elyvilon.
  2160 | D:3      | Found a radiant altar of Vehumet.
  2423 | D:3      | Noticed Jessica
  2429 | D:3      | Killed Jessica
  2645 | D:3      | Found the +7 Throatcutter {drain, coup de grace}
  2930 | D:4      | Reached XP level 6. HP: 52/52 MP: 5/5
  2977 | D:4      | Noticed a steam dragon
  3036 | D:3      | Killed a steam dragon
  3235 | D:4      | Reached skill level 5 in Fighting
  3235 | D:4      | Reached XP level 7. HP: 61/61 MP: 6/6
  3237 | D:4      | Found a burning altar of Makhleb.
  3244 | D:4      | Found a shimmering altar of Xom.
  3725 | D:5      | Entered Level 5 of the Dungeon
  3772 | D:5      | Noticed a yak
  3847 | D:4      | Killed a yak
  3848 | D:4      | Reached skill level 5 in Dodging
  4090 | D:5      | Noticed a yak
  4574 | D:5      | Reached XP level 8. HP: 64/70 MP: 7/7
  6097 | D:6      | You fall into a shaft and drop 3 floors!
  6140 | D:9      | Reached skill level 10 in Ranged Weapons
  6290 | D:9      | Reached XP level 9. HP: 63/79 MP: 8/8
  6395 | D:8      | Identified a scroll of acquirement
  6396 | D:8      | Acquired a +1 arbalest of freezing
  6469 | D:7      | Found a flagged portal.
  6480 | Bailey   | Entered a bailey
  6883 | Bailey   | Noticed an orc warlord
  7221 | D:7      | Found a shadowy altar of Dithmenos.
  7324 | D:7      | Identified the +1 war axe of the Old World {spect, Dex+4}
  7378 | D:7      | Found a staircase to the Ecumenical Temple.
  7386 | Temple   | Entered the Ecumenical Temple
  7830 | D:7      | Found Lancelot's Dragon-Slaying Spoils.
  8266 | D:6      | Found a basalt altar of Yredelemnul.
  8306 | D:6      | Found Wazidec's Distillery.
  8310 | D:6      | Reached XP level 10. HP: 90/90 MP: 9/9
  8317 | D:6      | Bought a potion of mutation for 112 gold pieces
  8361 | D:6      | Noticed Edmund
  8372 | D:6      | Killed Edmund
  8695 | D:8      | Noticed a two-headed ogre
  8702 | D:8      | Killed a two-headed ogre
  9036 | D:8      | Noticed Amaemon
  9236 | D:8      | Noticed an orange demon
  9243 | D:8      | Killed Amaemon
  9247 | D:8      | Killed an orange demon
  9424 | D:8      | Reached skill level 10 in Fighting
  9663 | D:9      | Noticed Maurice
  9668 | D:9      | Killed Maurice
  9715 | D:9      | Noticed a deep elf pyromancer
  9730 | D:9      | Killed a deep elf pyromancer
  9731 | D:9      | Reached XP level 11. HP: 99/101 MP: 10/10
  9742 | D:9      | Noticed Erolcha
  9744 | D:9      | Killed Erolcha
  9859 | D:9      | Identified the +2 robe of the Soft God {rC+ Slay+2}
  9978 | D:9      | Found a hazy altar of Hepliaklqana.
  9983 | D:9      | Became a worshipper of Hepliaklqana the Forgotten
  9998 | D:9      | Found a staircase to the Orcish Mines.
 10169 | Orc:1    | Entered Level 1 of the Orcish Mines
 10351 | Orc:2    | Entered Level 2 of the Orcish Mines
 10408 | Orc:2    | Reached skill level 10 in Dodging
 10437 | Orc:2    | Reached * piety under Hepliaklqana
 10597 | Orc:2    | Found a staircase to the Elven Halls.
 10704 | Orc:2    | Reached skill level 1 in Invocations
 10863 | Orc:2    | Noticed an orc high priest
 10866 | Orc:2    | Noticed a sixfirhy
 10948 | Orc:2    | Noticed an orc high priest
 10950 | Orc:2    | Killed an orc high priest
 11145 | Orc:2    | Noticed an orc high priest
 11148 | Orc:2    | Killed an orc high priest
 11161 | Orc:2    | Noticed an orc high priest
 11164 | Orc:2    | Killed an orc high priest
 11242 | Orc:2    | Noticed an orc high priest
 11247 | Orc:2    | Killed an orc high priest
 11248 | Orc:2    | Reached skill level 15 in Ranged Weapons
 11367 | Orc:2    | Noticed an orc high priest
 11372 | Orc:2    | Killed an orc high priest
 11376 | Orc:2    | Killed an orc high priest
 11485 | Orc:2    | Found Latz's Assorted Antiques.
 11485 | Orc:2    | Found Kiokkuel's Armour Boutique.
 11491 | Orc:2    | Bought a scroll labelled DESHASH HUSOIP for 23 gold pieces
 11502 | Orc:2    | Bought the +3 leather armour of Green Wonder {Regen+ Int-4
                  | Dex+6 SInv} for 486 gold pieces
 11522 | Orc:2    | Noticed an orc high priest
 11530 | Orc:2    | Killed an orc high priest
 11534 | Orc:2    | Reached XP level 12. HP: 97/99 MP: 10/13
 11552 | Orc:2    | Noticed an ettin
 11556 | Orc:2    | Killed an ettin
 11608 | Orc:2    | Paralysed by an orc sorcerer for 3 turns
 11693 | Orc:2    | Found Turyturr's Jewellery Shoppe.
 11693 | Orc:2    | Found Ecaocotu's Assorted Antiques.
 11730 | Orc:2    | Bought a thin soapstone amulet for 115 gold pieces
 11778 | Orc:2    | Found a runed translucent gate.
 11781 | Orc:2    | Noticed wingedge's ghost (journeyman DsAr)
 11782 | Orc:2    | Found a runed translucent gate.
 11783 | Orc:2    | Found a runed translucent gate.
 11910 | Orc:2    | Bought a scroll labelled XERIET USUIRE for 25 gold pieces
 11910 | Orc:2    | Bought a dented bronze amulet for 125 gold pieces
 12290 | Orc:2    | Killed wingedge's ghost
 12351 | Orc:2    | Bought a +1 hat for 165 gold pieces
 12667 | Orc:1    | Noticed a two-headed ogre
 12667 | Orc:1    | Noticed a two-headed ogre
 12667 | Orc:1    | Noticed a two-headed ogre
 12722 | Orc:2    | Killed a two-headed ogre
 12723 | Orc:2    | Killed a two-headed ogre
 12736 | Orc:2    | Killed a two-headed ogre
 12737 | Orc:2    | Reached skill level 5 in Invocations
 12811 | Orc:1    | Noticed a two-headed ogre
 12814 | Orc:1    | Noticed a two-headed ogre
 12817 | Orc:1    | Noticed a two-headed ogre
 12869 | Orc:2    | Killed a two-headed ogre
 12888 | Orc:2    | Killed a two-headed ogre
 12943 | Orc:1    | Killed a two-headed ogre
 12972 | Orc:1    | Noticed Snorg
 13106 | Orc:1    | Killed Snorg
 13258 | D:10     | Entered Level 10 of the Dungeon
 13258 | D:10     | Reached ** piety under Hepliaklqana
 13260 | D:10     | Remembered your ancestor Si-Tayit as a knight
 13468 | D:10     | Found a staircase to the Lair.
 13553 | D:10     | Found Wutruid's Book Shoppe.
 13574 | D:10     | Reached XP level 13. HP: 107/107 MP: 16/16
 14356 | D:11     | Acquired a +2 longbow of freezing
 14564 | Lair:1   | Entered Level 1 of the Lair of Beasts
 14852 | Lair:1   | Found a stormy altar of Qazlal.
 15024 | Lair:1   | Reached *** piety under Hepliaklqana
 15581 | Lair:2   | Noticed Maggie
 15589 | Lair:2   | Killed Maggie
 15969 | Lair:2   | Found a dark tunnel.
 16018 | Volcano  | Entered a volcano
 16291 | Volcano  | Found a bloodstained altar of Trog.
 16665 | Lair:2   | Reached XP level 14. HP: 118/118 MP: 18/18
 16884 | Lair:2   | Found a staircase to the Swamp.
 17155 | Lair:3   | Reached **** piety under Hepliaklqana
 17179 | Lair:3   | Found a staircase to the Snake Pit.
 17887 | Lair:4   | Noticed Kirke
 18121 | Lair:4   | Killed Kirke
 18236 | Lair:4   | Noticed Nessos
 18255 | Lair:4   | Killed Nessos
 18336 | Lair:4   | Reached skill level 15 in Fighting
 18438 | Lair:4   | Reached ***** piety under Hepliaklqana
 18862 | Lair:5   | Entered Level 5 of the Lair of Beasts
 19528 | D:12     | Identified the +0 robe of the Orb {rPois Str+5 SInv Stlth-}
 19808 | D:12     | Found a frozen archway.
 19834 | IceCv    | Entered an ice cave
 19845 | IceCv    | Reached XP level 15. HP: 126/126 MP: 21/21
 20010 | IceCv    | Got the Tome of Rime
 20627 | Lair:5   | Found a viscous altar of Jiyva.
 20627 | Lair:5   | Found a staircase to the Slime Pits.
 20627 | Lair:5   | Noticed Sonja
 20628 | Lair:5   | Killed Sonja
 20650 | Lair:5   | Reached skill level 10 in Invocations
 21131 | Lair:5   | Reached skill level 15 in Dodging
 21162 | Lair:5   | Identified the ring "Dekhla Rah" {Fire rPois Will+ Int+4}
 21718 | Snake:1  | Entered Level 1 of the Snake Pit
 22134 | Snake:1  | Found Noujarur's Jewellery Boutique.
 22139 | Snake:1  | Bought the ring of Traps {rElec rPois rC+ Str+3} for 756
                  | gold pieces
 22172 | Snake:1  | Reached XP level 16. HP: 136/136 MP: 23/23
 22245 | Snake:1  | Found Juwal's Vocational Training.
 23025 | Snake:2  | Reached ****** piety under Hepliaklqana
 23224 | Snake:2  | Noticed Vashnia
 23237 | Snake:2  | Killed Vashnia
 24267 | Snake:3  | Noticed Nikola
 24289 | Snake:3  | Reached skill level 1 in Armour
 24299 | Snake:3  | Killed Nikola
 24300 | Snake:3  | Reached skill level 2 in Armour
 24427 | Snake:3  | Reached skill level 3 in Armour
 24725 | Snake:3  | Reached skill level 4 in Armour
 25148 | Snake:3  | Reached XP level 17. HP: 146/146 MP: 24/24
 25238 | Snake:3  | Reached skill level 5 in Armour
 25546 | Snake:4  | Entered Level 4 of the Snake Pit
 25732 | Snake:4  | Found Iddok's Antique Weapon Shop.
 25882 | Snake:4  | Reached skill level 6 in Armour
 26086 | Snake:4  | Reached skill level 7 in Armour
 26334 | Snake:4  | Reached skill level 8 in Armour
 26457 | Snake:4  | Got a serpentine rune of Zot
 26950 | D:13     | Found a gate to the Vaults.
 26985 | D:13     | Reached skill level 9 in Armour
 27048 | D:13     | Noticed Azrael
 27060 | D:13     | Killed Azrael
 27710 | D:14     | Reached skill level 10 in Armour
 28223 | D:14     | Reached XP level 18. HP: 158/158 MP: 25/25
 28361 | D:14     | Identified the +1 sling of Big Damage {venom, +Blink Int+3
                  | Dex+8 Stlth-}
 28731 | D:15     | Entered Level 15 of the Dungeon
 29278 | D:14     | Reached skill level 11 in Armour
 29549 | D:15     | Found a staircase to the Depths.
 29570 | D:15     | Found a corrupted altar of Lugonu.
 29576 | D:15     | Found a one-way gate to the infinite horrors of the Abyss.
 30034 | Elf:1    | Entered Level 1 of the Elven Halls
 30098 | Elf:1    | Reached skill level 12 in Armour
 30154 | Elf:1    | Got the Codex of Companions
 30489 | Elf:1    | Identified the +6 long sword "Coxem" {speed, *Noise rPois
                  | rF+ Int+2}
 30492 | Elf:1    | Paralysed by an air elemental for 1 turns
 30551 | Elf:1    | Found Xivvo's Assorted Antiques.
 30834 | Elf:1    | Reached skill level 13 in Armour
 31262 | Elf:2    | Noticed Aizul
 31274 | Elf:2    | Killed Aizul
 31405 | Elf:2    | Found a runed translucent door.
 31432 | Elf:2    | Found a runed translucent door.
 31588 | Orc:2    | Bought an amulet of reflection for 300 gold pieces
 31707 | Elf:2    | Found Tusom's Antique Weapon Shop.
 31707 | Elf:2    | Found Ikeipneh's Book Boutique.
 31708 | Elf:2    | Found Ren Bist's Antique Weapon Shop.
 31722 | Elf:2    | Found Qism's Weapon Boutique.
 32160 | Elf:2    | Reached skill level 14 in Armour
 32414 | Elf:2    | Reached XP level 19. HP: 168/168 MP: 26/26
 32791 | Elf:3    | Entered Level 3 of the Elven Halls
 33003 | Elf:3    | Reached skill level 15 in Armour
 33393 | Elf:3    | Identified the +1 scale mail "Etumaesh" {rPois Str+6 Int-3}
 33618 | Elf:3    | Identified the +5 spear "Buogerato" {flame, rElec rN+}
 33777 | Elf:3    | Reached skill level 16 in Armour
 33857 | Elf:3    | Identified the +5 glaive "Orb Guardian's Curse" {antimagic,
                  | Contam rN+++ Int+4}
 33865 | Elf:3    | Identified the +8 whip of Chagrin {antimagic, Will+ Str-4
                  | Dex+4}
 33950 | Elf:3    | Got Ucas's Handbook of the Entourage and Concussion
 33955 | Elf:3    | Learned a level 3 spell: Swiftness
 34082 | Elf:3    | Found Vounk's Antique Armour Shop.
 34091 | Elf:3    | Bought an ancient scale mail for 180 gold pieces
 34091 | Elf:3    | Identified the +1 scale mail "Leqae" {Contam rPois Regen+}
                  | (You bought it in a shop on level 3 of the Elven Halls)
 34091 | Elf:3    | Bought a bloodstained scale mail for 180 gold pieces
 34091 | Elf:3    | Identified the +2 scale mail "Wohakoy" {Dex+4} (You bought
                  | it in a shop on level 3 of the Elven Halls)
 34093 | Elf:3    | Bought a ruby-encrusted plate armour for 560 gold pieces
 34093 | Elf:3    | Identified the +10 plate armour of Cyatar {Str+3 Int+7}
                  | (You bought it in a shop on level 3 of the Elven Halls)
 34233 | Elf:3    | Reached skill level 1 in Air Magic
 34361 | Elf:1    | Bought a ring of see invisible for 435 gold pieces
 34624 | Swamp:1  | Entered Level 1 of the Swamp
 35298 | Swamp:2  | Noticed Jorgrun
 35304 | Swamp:2  | Killed Jorgrun
 35481 | Swamp:2  | Noticed Mlioglotl
 35492 | Swamp:2  | Killed Mlioglotl
 35751 | Swamp:3  | Noticed Roxanne
 35772 | Swamp:3  | Killed Roxanne
 35890 | Swamp:3  | Found a transporter.
 35896 | Swamp:3  | Found a transporter.
 35900 | Swamp:3  | Found a bloodstained altar of Trog.
 35913 | Swamp:3  | Noticed dornbeast's ghost (journeyman DsWn)
 36226 | Swamp:3  | Noticed Bai Suzhen
 36245 | Swamp:3  | Killed Bai Suzhen
 36246 | Swamp:3  | Reached skill level 17 in Armour
 36646 | Swamp:3  | Killed dornbeast's ghost
 36854 | Swamp:4  | Entered Level 4 of the Swamp
 36866 | Swamp:4  | Reached XP level 20. HP: 154/178 MP: 27/27
 37617 | Swamp:4  | Reached skill level 18 in Armour
 37698 | Swamp:4  | Got a decaying rune of Zot
 38113 | D:3      | Bought a potion of heal wounds for 65 gold pieces
 38113 | D:3      | Bought 2 potions of heal wounds for 130 gold pieces
 38113 | D:3      | Bought a potion of heal wounds for 65 gold pieces
 38328 | Vaults:1 | Entered Level 1 of the Vaults
 38948 | Vaults:1 | Reached skill level 19 in Armour
 39023 | Vaults:1 | Found a runed translucent door.
 39023 | Vaults:1 | Noticed greasedhog's ghost (adept GrAK)
 39030 | Vaults:1 | Identified the +5 giant club "Zoemir" {vamp, rPois rN+
                  | Int+4}
 39857 | Vaults:1 | Killed greasedhog's ghost
 40560 | Vaults:2 | Reached skill level 20 in Armour
 40579 | Vaults:2 | Reached XP level 21. HP: 121/188 MP: 28/28
 40972 | Vaults:2 | Identified the +0 helmet "Zyusk" {Contam Int+7 Dex-5
                  | Stlth+}
 41318 | Vaults:2 | Found Viujy's Jewellery Shoppe.
 41507 | Vaults:2 | Noticed Sojobo
 41687 | Vaults:2 | HP: 9/189 [tengu reaver/+1 broad axe of holy wrath[Sojobo]
                  | (8)]
 41699 | Vaults:2 | Paralysed by an air elemental for 1 turns
 42485 | Depths:1 | Entered Level 1 of the Depths
 42998 | D:15     | Reached skill level 21 in Armour
 43242 | Depths:1 | Found a gateway to Hell.
 43618 | Depths:1 | Found an iron altar of Okawaru.
 44769 | Depths:3 | Found a one-way gateway to a ziggurat.
 45078 | Depths:3 | Reached skill level 22 in Armour
 45084 | Depths:3 | Found Wufex's Magic Scroll Emporium.
 45094 | Depths:3 | Bought a scroll of teleportation for 63 gold pieces
 45094 | Depths:3 | Bought a scroll of butterflies for 84 gold pieces
 45094 | Depths:3 | Bought a scroll of enchant armour for 157 gold pieces
 45094 | Depths:3 | Bought a scroll of butterflies for 84 gold pieces
 45094 | Depths:3 | Bought a scroll of fear for 84 gold pieces
 45655 | Vaults:3 | Found a staircase to the Crypt.
 46185 | Vaults:3 | Reached XP level 22. HP: 198/198 MP: 29/29
 46942 | Vaults:4 | Reached skill level 23 in Armour
 48227 | Vaults:4 | Found Pesch's Antique Weapon Shoppe.
 48552 | Vaults:4 | Identified the +4 flail of Dried Tears {drain, rF+ Str+4}
 48611 | Vaults:5 | Entered Level 5 of the Vaults
 49275 | Vaults:4 | Reached skill level 24 in Armour
 49399 | Vaults:5 | Noticed a dread lich
 50415 | Vaults:5 | Identified the +0 gold dragon scales of Gesieg {rPois rF+
                  | rC+ Int+4 Stlth+}
 50427 | Vaults:5 | Identified the +7 hand axe of the Nexus {holy, rF++ rC-
                  | Str+7}
 50428 | Vaults:5 | Reached XP level 23. HP: 200/201 MP: 30/30
 50435 | Vaults:5 | Noticed a dread lich
 51087 | Vaults:5 | Noticed an ancient lich
 51095 | Vaults:5 | Killed an ancient lich
 51096 | Vaults:5 | Reached skill level 25 in Armour
 51391 | Vaults:5 | Identified the +3 chain mail of the Fifty Hosts {rC+}
 51460 | Vaults:5 | Paralysed by a dread lich for 5 turns
 51514 | Vaults:5 | Killed a dread lich
 51996 | Vaults:5 | Killed a dread lich
 52218 | Vaults:5 | Got the Atlas of the Compass
 52506 | Vaults:5 | Got a silver rune of Zot
 52544 | Vaults:5 | Got Zolisek's Directory of the Entrancing Undead
 52609 | Vaults:5 | Got Gloorx Vloq's Volume of Diablerie
 52612 | Vaults:5 | Got the Textbook on Leadership and Profane Mysteries
 53220 | Elf:3    | Bought a buzzing cloak for 190 gold pieces
 53220 | Elf:3    | Identified the +1 cloak "Qehuuva" {Rampage rC+} (You bought
                  | it in a shop on level 3 of the Elven Halls)
 53332 | Orc:2    | Bought 2 potions of heal wounds for 230 gold pieces
 53332 | Orc:2    | Bought a scroll of teleportation for 69 gold pieces
 53766 | Orc:2    | Bought the ring "Solita" {Fire Contam rElec Dex+5 SInv} for
                  | 481 gold pieces
 54013 | Vaults:2 | Paralysed by an air elemental for 1 turns
 54018 | Vaults:2 | Paralysed by an air elemental for 1 turns
 54022 | Vaults:2 | Paralysed by an air elemental for 1 turns
 54025 | Vaults:2 | Paralysed by an air elemental for 1 turns
 54281 | Vaults:2 | Killed Sojobo
 54439 | Vaults:2 | Bought the ring "Dalicw" {*Slow rPois rN+ Will+} for 436
                  | gold pieces
 54441 | Vaults:2 | Gained mutation: You occasionally lose the ability to drink
                  | potions when taking damage. [mutagenic glow]
 54615 | Crypt:1  | Entered Level 1 of the Crypt
 54681 | Crypt:1  | Noticed Jory
 54702 | Crypt:1  | Killed Jory
 55805 | Crypt:1  | Reached skill level 26 in Armour
 55984 | Crypt:1  | Identified the +10 broad axe "Gokhleat" {vamp, rPois}
 56460 | Crypt:1  | Learned a level 2 spell: Wereblood
 56534 | Crypt:1  | Reached skill level 1 in Transmutations
 56674 | Crypt:2  | Noticed Khufu
 56676 | Crypt:2  | Noticed a royal mummy
 56679 | Crypt:2  | Noticed a royal mummy
 56688 | Crypt:1  | Killed a royal mummy
 57113 | Crypt:1  | HP: 8/212 [Khufu/divine providence (11)]
 57558 | Crypt:2  | Killed a royal mummy
 57865 | Depths:4 | Entered Level 4 of the Depths
 58017 | Depths:4 | Reached skill level 5 in Transmutations
 58466 | Depths:3 | HP: 9/197 [spriggan berserker/+0 hand axe (25)]
 58467 | Depths:3 | HP: 4/197 [storm dragon/bolt of lightning (4)]
 58468 | Depths:3 | Annihilated by a spriggan berserker

Illustrated notes

Levels and vault maps discovered:
D:1:      evilmike_arrival_crescent, layout_basic,
          shapermc_ecumenical_altar_venn
D:2:      wander_river, layout_basic
D:3:      layout_rooms, grunt_temple_overflow_diamond, serial_shops,
          nicolae_shop_hallway_plus, dilly_guarded_unrand_throatcut,
          uniq_jessica
D:4:      minmay_angry_zag, layout_basic,
          grunt_temple_overflow_champion_of_chaos
D:5:      layout_loops_cross
D:6:      layout_loops_cross, nicolae_overflow_crystal_walls, serial_shops,
          shop, uniq_edmund
D:7:      layout_basic, grunt_dithmenos_smoke_and_mirrors,
          minmay_temple_entry_overgrown, enter_bailey_4,
          nicolae_shop_dragon_depot, minivault_22
D:8:      layout_loops_ring, uniq_amaemon
D:9:      layout_basic, worldfamousw_hep_ancestral_shrine, orc_0_dummy,
          uniq_erolcha, uniq_maurice
D:10:     cheibrodos_wizards_tower, layout_rooms, dpeg_oklobed_lair,
          serial_shops, shop
D:11:     layout_loops_ring, skrybe_limestone_x
D:12:     layout_long_grid, serial_demonic, serial_demonic_g, serial_demonic_f,
          serial_demonic_f, serial_demonic_g, serial_demonic_c,
          serial_demonic_c, portal_ice_cave_demonic_guard
D:13:     layout_roguey, erik_vaults_1, uniq_azrael
D:14:     minmay_the_grid_four_pointed_star_mashed
          [minmay_the_grid_triangle_9x9_corruption,
          minmay_the_grid_triangle_9x9_skeleton,
          minmay_the_grid_triangle_9x9_shrine,
          minmay_the_grid_triangle_9x9_corrupted_corridor,
          minmay_the_grid_prize_big_room], layout_basic
D:15:     hangedman_depths_entry_civil_slaughter, layout_rooms,
          amcnicky_altar_lugonu_corruption
Temple:   dpeg_chambers_temple
Lair:1:   layout_small_grid, lemuel_centaur_altar
Lair:2:   layout_cave_shapes, palyth_hydra_swamp_entry, enter_volcano_3,
          chequers_serial_rivers_room_b, uniq_maggie
Lair:3:   layout_regular_city, minmay_snake_entry_six_corridors,
          beast_lair_carwin_3, grunt_megastairs_3
Lair:4:   dpeg_oklob_gauntlet, layout_gridlike, gauntlet_entry_generic,
          grunt_megastairs_2, serial_bayou_shore_a, infiniplex_staircase_pool_2,
          lemuel_fruit_fields, uniq_nessos, uniq_kirke
Lair:5:   hangedman_lair_tendril_chambers, layout_gridlike,
          hangedman_lair_caniforms_friends, nicolae_slime_entry_slimehenge,
          uniq_sonja
Swamp:1:  layout_falls_marsh, evilmike_swamp_ruin_wall,
          infiniplex_staircase_pool
Swamp:2:  layout_basic_swamp, evilmike_swamp_ruin_house_6, uniq_jorgrun,
          uniq_mlioglotl
Swamp:3:  layout_basic_swamp, gammafunk_ghost_wrathful_warriors,
          nicolae_swamp_very_dense_foliage, swamp_pool3,
          nicolae_swamp_drake_lake, uniq_bai_suzhen, uniq_roxanne
Swamp:4:  swamp, layout_basic_swamp
Snake:1:  layout_gridlike, minmay_shop_grid_forest, nicolae_shop_vocational,
          grunt_megastairs_4
Snake:2:  nicolae_snake_crotalidae_crossing, layout_layer_cave,
          serial_bayou_pond_a, uniq_vashnia
Snake:3:  layout_basic, uniq_nikola
Snake:4:  snake_pit, layout_rooms, serial_shops,
          nicolae_shop_overgrown_old_shop, st_stairs_11
Orc:1:    lemuel_ogre_cave, layout_caves, uniq_snorg
Orc:2:    st_orc_town, layout_caves, gammafunk_ghost_split,
          nicolae_orc_pool_cavern
Elf:1:    minmay_elf_arrival_plus, layout_onion_city, serial_shops,
          nicolae_square_shop, minmay_elf_demonology
Elf:2:    nicolae_elf_blades_splatter_lattice
          [nicolae_blade_entry_splitting_headache], layout_onion_city,
          palyth_stone_intersect, minmay_shoptagon, uniq_aizul
Elf:3:    minmay_elf_hall_not_hex, layout_rooms, serial_shops, shop,
          grunt_megastairs_5
Vaults:1: ebering_ghost_reflecting_pool, v_misc_15, vaults_dpeg_diagonal,
          nicolae_vaults_little_squares_1, ontoclasm_vaults_spin,
          vaults_mumra_hexcomb, vaults_dpeg_hooks,
          nicolae_vaults_three_branches, nicolae_vaults_circle_grid_b,
          grunt_vaults_twisty, vaults_room_door_ring, serial_ice_b,
          ontoclasm_vaults_loading_screen, vaults_dpeg_ring,
          grunt_vaults_hallway_short, layout_vaults_big_room, serial_glass
Vaults:2: st_diamondy, vaults_dpeg_emergency_exit,
          nicolae_vaults_network_periphery, vaults_room_hallway, v_misc_17,
          hangedman_vaults_cutoff, v_misc_5, v_misc_14, vaults_dpeg_doors,
          v_misc_14, vaults_room_door_ring, grunt_vaults_hallway_long,
          nicolae_vaults_alarming, ontoclasm_vaults_chip,
          layout_vaults_omnicross, serial_shops, shop, uniq_sojobo
Vaults:3: hangedman_vaults_maws, minmay_crypt_entry_simple_corners,
          ontoclasm_vaults_pinch, v_pattern_3, hangedman_vaults_cutoff,
          hangedman_vaults_impose, nicolae_vaults_rhombus_6,
          ontoclasm_vaults_eye, v_misc_19, layout_vaults_omnigrid
Vaults:4: mu_enter_wizlab_1, nicolae_vaults_shelves_hall,
          ontoclasm_vaults_ring_large, grunt_vaults_swirl,
          nicolae_vaults_little_squares_5, vaults_mumra_bighexcomb, v_pattern_5,
          vaults_room_grunt_arrival_checkpoint, ontoclasm_vaults_chip,
          nicolae_vaults_sealed_display, grunt_vaults_hallway_short,
          layout_vaults_ring, serial_shops, shop
Vaults:5: serial_shops
Crypt:1:  layout_regular_city, lemuel_freeze_loot_1, grunt_crypt_arrival_webbed,
          uniq_jory
Crypt:2:  layout_misc_corridors, serial_co_window_serial, co_window_paths_a,
          co_window_of_opportunity_a, co_window_paths_b,
          co_window_of_opportunity_a, co_window_paths_a, co_window_2corner,
          co_window_corner_b, co_window_broadway_a, co_window_unsneaky_path_a,
          co_window_broadway_b, glass_columns_c, glass_columns_a,
          glass_columns_c, uniq_khufu
Depths:1: layout_cave_pools, okawaru_gym_becter, minmay_room_of_horrors,
          hangedman_coc_ice_floe, minmay_fractal_squares_gapless_7
Depths:2: kennysheep_bubble_arena, layout_long_grid, pan_entry,
          evilmike_ruin_ashenzari, grunt_hell_entry_dis_grunt,
          infiniplex_staircase_river
Depths:3: kennysheep_ambush_hall, layout_gridlike, enter_ziggurat_e,
          serial_shops, nicolae_lakefront_shop, abyss_entry, nrook_mini_vaults,
          hell_entry
Depths:4: grunt_zot_entry_alcove, layout_gridlike, hell_entry,
          lemuel_blue_sif_altar, minmay_misc_feat_square

Skill      XL: |  1  2  3  4  5  6  7  8  9 10 11 12 13 14 15 16 17 18 19 20 21 22 23 |
---------------+----------------------------------------------------------------------+-----
Fighting       | 3 4 5 7 8 10 11 12 14 15 16 17 19 20 21 22 23 24 25 | 25.8
Ranged Weapons | 5 6 7 8 10 12 13 15 16 18 19 21 22 | 22.0
Dodging        | 3 4 5 6 8 9 10 11 13 14 15 16 17 19 20 21 22 23 | 23.5
Invocations    | 3 6 7 9 10 | 10.8
Armour         | 4 10 14 17 20 22 24 26 | 26.0
Air Magic      | 1 |  1.9
Transmutations | 5 |  5.3
Stealth        | |  0.7

Action                   |  1- 3 |  4- 6 |  7- 9 | 10-12 | 13-15 | 16-18 | 19-21 | 22-24 || total
-------------------------+-------+-------+-------+-------+-------+-------+-------+-------++-------
 Fire: Shortbow          |   105 |   153 |   220 |       |       |       |       |       ||   478
       Arbalest          |       |       |   148 |   470 |    48 |       |       |       ||   666
       Longbow           |       |       |       |       |  1118 |  1353 |  1487 |  1193 ||  5151
Invok: Recall Ancestor   |       |       |       |     3 |     4 |     7 |    14 |    17 ||    45
       Ancestor Life: Kn |       |       |       |     1 |       |       |       |       ||     1
       Idealise          |       |       |       |       |       |     6 |    10 |     3 ||    19
Evoke: Wand              |       |       |       |     2 |     1 |       |       |     1 ||     4
  Use: Scroll            |     4 |     5 |     4 |    14 |    10 |     9 |    11 |    17 ||    74
       Potion            |       |       |     5 |     3 |       |     1 |     8 |    13 ||    30
Armor: Leather armour    |     8 |    17 |    50 |    34 |    20 |    37 |     4 |       ||   170
       Robe              |       |       |       |     6 |     2 |       |       |       ||     8
       Plate armour      |       |       |       |       |       |       |   261 |   234 ||   495
       Gold dragon scale |       |       |       |       |       |       |       |   206 ||   206
       Skin              |       |       |       |       |       |       |       |     3 ||     3
Dodge: Dodged            |    31 |    48 |   170 |   243 |   216 |   321 |   447 |   539 ||  2015
Block: Other             |       |       |       |       |       |     3 |    92 |   158 ||   253
       Reflection        |       |       |       |       |       |       |     8 |     6 ||    14
